Sharks vs Predators
Created - March 29, 2023 at 19:36
Goals
|
| Sharks |
0 |
1 |
1 |
2 |
| Predators |
0 |
1 |
0 |
1 |
|
Shots
|
| Sharks |
14 |
10 |
11 |
35 |
| Predators |
10 |
8 |
12 |
30 |
|
1st period
No Goal
Penalties :
Matt Stajan (Nas) for Hooking (Minor) at 5:59
2nd period
1. Predators , Mark Pysyk 12 (Matt Stajan 17, Ryan Mcdonagh 35) at 3:15
2. Sharks , Daniel Carcillo 10 (Dion Phaneuf 10, Joe Pavelski 23) at 13:04 (PP)
Penalties :
Matt Stajan (Nas) for Delaying the game (Minor) at 8:52, Mike Brown (Nas) for Holding (Minor) at 12:50, Alexander Ovechkin (Nas) for Hooking (Minor) at 13:07
3rd period
3. Sharks , Ronalds Kenins 22 (Boone Jenner 22, Wayne Simmonds 14) at 15:00
Penalties :
Markus Nutivaara (S.J) for Slashing (Minor) at 2:48, Justin Faulk (Nas) for Hooking (Minor) at 3:35, Markus Nutivaara (S.J) for Cross-checking (Minor) at 10:45, Philipp Grubauer (S.J) for Slashing (Minor) at 19:39 - Joe Pavelski served the penalty
Goalie Stats
Philipp Grubauer (S.J), 29 saves from 30 shots - (0.967), W, 21-16-6, 60:00 minutes
Kari Lehtonen (Nas), 33 saves from 35 shots - (0.943), L, 22-19-2, 58:46 minutes
Players Stats for Sharks
Player Name G A P +/- PIM S H SB GA TA FO MP PP MP PK MP
------------------------------------------------------------------------------------
Andreas Martinsen 0 0 0 -1 0 3 1 0 0 0 0/0 8:54 0:20 0:39
Boone Jenner 0 1 1 1 0 1 2 0 1 0 9/14 16:14 2:43 0:56
Brandon Dubinsky 0 0 0 0 0 4 3 0 0 0 19/38 23:10 4:11 2:01
Brendan Gaunce 0 0 0 -1 0 1 2 0 0 0 0/0 8:07 0:04 0:09
Conor Sheary 0 0 0 0 0 3 1 0 0 0 0/0 12:41 0:04 0:00
Daniel Carcillo 1 0 1 0 0 3 1 1 1 0 1/1 22:59 3:55 2:02
Dion Phaneuf 0 1 1 1 0 0 0 1 0 0 0/0 20:39 2:15 1:22
Drew Doughty 0 0 0 0 0 2 1 2 2 2 0/0 27:00 4:03 1:44
Gustav Nyquist 0 0 0 -1 0 2 0 0 0 0 0/0 7:38 0:00 0:00
Joe Pavelski 0 1 1 0 0 4 1 0 0 0 3/7 20:17 4:11 0:00
Karl Alzner 0 0 0 -1 0 0 1 0 0 0 0/0 12:08 0:40 0:00
Markus Nutivaara 0 0 0 -1 4 1 0 0 0 0 0/0 12:05 0:40 0:00
Mike Lundin 0 0 0 0 0 3 1 2 0 0 0/0 27:00 4:03 1:44
Oscar Sundqvist 0 0 0 0 0 0 4 0 0 0 2/4 12:21 0:00 0:00
Ronalds Kenins 1 0 1 1 0 2 0 0 0 0 0/0 15:51 2:43 0:25
Tyler Cuma 0 0 0 1 0 1 0 2 0 0 0/0 20:41 2:15 1:22
Wayne Simmonds 0 1 1 1 0 4 0 0 0 0 0/1 15:05 2:43 0:00
Zach Parise 0 0 0 0 0 1 0 0 1 1 0/0 12:50 0:00 0:00
Players Stats for Predators
Player Name G A P +/- PIM S H SB GA TA FO MP PP MP PK MP
------------------------------------------------------------------------------------
Alexander Edler 0 0 0 0 0 1 1 5 0 1 0/0 28:54 1:55 4:18
Alexander Ovechkin 0 0 0 -1 2 4 1 0 0 0 1/2 20:01 0:52 0:34
Andy Miele 0 0 0 -1 0 7 0 1 0 0 16/33 22:46 0:52 3:33
Jack Eichel 0 0 0 0 0 1 1 0 0 0 6/12 13:48 1:25 0:20
Jaden Schwartz 0 0 0 0 0 3 3 1 0 0 0/0 16:16 1:26 2:27
John Moore 0 0 0 0 0 2 0 2 0 2 0/0 19:22 1:11 2:40
Josh Morrissey 0 0 0 0 0 0 0 0 0 0 0/0 11:44 0:00 0:00
Justin Abdelkader 0 0 0 1 0 0 2 0 0 0 0/0 10:14 0:24 0:55
Justin Faulk 0 0 0 0 2 0 0 0 1 0 0/0 18:47 1:10 2:27
Mark Pysyk 1 0 1 1 0 1 1 0 0 0 0/1 14:07 0:42 3:37
Matt Stajan 0 1 1 1 4 3 1 0 1 0 2/7 10:33 0:49 0:00
Mikael Granlund 0 0 0 -1 0 3 0 0 0 0 5/7 19:19 0:59 0:03
Mike Brown 0 0 0 0 2 0 1 0 0 1 0/0 12:18 0:24 2:27
Nate Schmidt 0 0 0 0 0 0 1 2 0 1 0/0 12:18 0:00 0:13
Nicolas Kerdiles 0 0 0 0 0 3 0 0 0 0 0/0 9:28 0:00 0:00
Reilly Smith 0 0 0 0 0 1 2 0 0 0 0/0 13:28 1:25 0:00
Ryan Mcdonagh 0 1 1 0 0 1 0 2 1 0 0/0 28:54 1:55 4:18
Scott Laughton 0 0 0 0 0 0 1 0 0 0 1/3 9:28 0:00 0:00
3 Stars
1 - Philipp Grubauer (S.J)
2 - Kari Lehtonen (Nas)
3 - Ronalds Kenins (S.J)
Power Play
Sharks - 1 on 5 Attempt(s) - 20.00%
Predators - 0 on 3 Attempt(s) - 0.00%
Penalty Kill
Sharks - 3 on 3 Attempt(s) - 100.00%
- Score 0 goal in Penalty Kill
Predators - 4 on 5 Attempt(s) - 80.00%
- Score 0 goal in Penalty Kill
Team Stat
Sharks - Hits : 18 - Faceoff Wins : 34 - Blocked Shots : 8 - Penalty Minutes : 6
Predators - Hits : 15 - Faceoff Wins : 31 - Blocked Shots : 13 - Penalty Minutes : 10
Official
Referees : Steve Kozari and Michael Markovic
Linesman : Michel Cormier and Steve Barton
Game Notes
No Game Note
Finance
Level 1 -- Attendance: 6000 (100.00%) -- Ticket Income $600,000
Level 2 -- Attendance: 4770 (95.40%) -- Ticket Income $286,200
Level 3 -- Attendance: 1949 (97.45%) -- Ticket Income $68,215
Level 4 -- Attendance: 3536 (88.40%) -- Ticket Income $88,400
Luxury Box -- Attendance: 938 (93.80%) -- Ticket Income $187,600
Game was played at the Bridgestone arena.
Total Attendance: 17193 (95.52%)
Total Ticket Income: $1,230,415
Other Income: $184,562
Total Income: $1,414,977
Sharks
5 vs 5 Forward
Center Left Wing Right Wing Time % Phy DF OF
1 Brandon Dubinsky Daniel Carcillo Joe Pavelski 40 0 2 3
2 Boone Jenner Ronalds Kenins Wayne Simmonds 30 0 2 3
3 Oscar Sundqvist Zach Parise Conor Sheary 20 0 2 3
4 Brendan Gaunce Andreas Martinsen Gustav Nyquist 10 1 2 2
5 vs 5 Defense
Defense Defense Time % Phy DF OF
1 Drew Doughty Mike Lundin 40 0 2 3
2 Dion Phaneuf Tyler Cuma 30 0 2 3
3 Karl Alzner Markus Nutivaara 20 1 2 2
4 Drew Doughty Mike Lundin 10 1 2 2
PowerPlay Forward
Center Left Wing Right Wing Time % Phy DF OF
1 Brandon Dubinsky Daniel Carcillo Joe Pavelski 60 0 2 3
2 Boone Jenner Ronalds Kenins Wayne Simmonds 40 0 2 3
PowerPlay Defense
Defense Defense Time % Phy DF OF
1 Drew Doughty Mike Lundin 60 0 2 3
2 Dion Phaneuf Tyler Cuma 40 0 2 3
Penalty Kill 4 Players Forward
Center Wing Time % Phy DF OF
1 Brandon Dubinsky Daniel Carcillo 60 1 4 0
2 Boone Jenner Ronalds Kenins 40 1 4 0
Penalty Kill 4 Players Defense
Defense Defense Time % Phy DF OF
1 Drew Doughty Mike Lundin 60 1 4 0
2 Dion Phaneuf Tyler Cuma 40 1 4 0
Penalty Kill - 3 Players Forward
Forward Time % Phy DF OF
1 Brandon Dubinsky 60 1 4 0
2 Boone Jenner 40 1 4 0
Penalty Kill - 3 Players Defense
Defense Defense Time % Phy DF OF
1 Drew Doughty Mike Lundin 60 1 4 0
2 Dion Phaneuf Tyler Cuma 40 1 4 0
4 vs 4 Forward
Center Wing Time % Phy DF OF
1 Brandon Dubinsky Daniel Carcillo 60 0 3 2
2 Boone Jenner Ronalds Kenins 40 0 3 2
4 vs 4 Defense
Defense Defense Time % Phy DF OF
1 Drew Doughty Mike Lundin 60 0 3 2
2 Dion Phaneuf Tyler Cuma 40 0 3 2
Last Minutes Offensive
Center Left Wing Right Wing Defense Defense
Brandon Dubinsky Daniel Carcillo Joe Pavelski Drew Doughty Mike Lundin
Last Minutes Defensive
Center Left Wing Right Wing Defense Defense
Brandon Dubinsky Daniel Carcillo Joe Pavelski Drew Doughty Mike Lundin
Goaltenders
Starting : Philipp Grubauer
Backup : Malcolm Subban
Extra Forwards
Normal : Daniel Carcillo, Ronalds Kenins, Zach Parise - PP : Daniel Carcillo, Ronalds Kenins - PK : Daniel Carcillo
Extra Defensemen
Normal : Tyler Cuma, Karl Alzner, Markus Nutivaara - PP : Tyler Cuma - PK : Tyler Cuma, Karl Alzner
Penalty Shots
Joe Pavelski, Brandon Dubinsky, Wayne Simmonds, Conor Sheary, Daniel Carcillo
Scratches
Arturs Kulda (Healthy), Marek Svatos (Healthy), MacKenzie Weegar (Healthy)
Predators
5 vs 5 Forward
Center Left Wing Right Wing Time % Phy DF OF
1 Andy Miele Alexander Ovechkin Mikael Granlund 40 1 2 2
2 Jack Eichel Jaden Schwartz Reilly Smith 30 1 2 2
3 Matt Stajan Justin Abdelkader Mark Pysyk 20 1 2 2
4 Scott Laughton Nicolas Kerdiles Mike Brown 10 1 2 2
5 vs 5 Defense
Defense Defense Time % Phy DF OF
1 Ryan Mcdonagh Alexander Edler 40 1 2 2
2 John Moore Justin Faulk 30 1 2 2
3 Nate Schmidt Josh Morrissey 20 1 2 2
4 Ryan Mcdonagh Alexander Edler 10 1 2 2
PowerPlay Forward
Center Left Wing Right Wing Time % Phy DF OF
1 Andy Miele Alexander Ovechkin Mikael Granlund 60 1 2 2
2 Jack Eichel Jaden Schwartz Reilly Smith 40 1 2 2
PowerPlay Defense
Defense Defense Time % Phy DF OF
1 Ryan Mcdonagh Alexander Edler 60 1 2 2
2 John Moore Justin Faulk 40 1 2 2
Penalty Kill 4 Players Forward
Center Wing Time % Phy DF OF
1 Andy Miele Mark Pysyk 60 1 2 2
2 Jaden Schwartz Mike Brown 40 1 2 2
Penalty Kill 4 Players Defense
Defense Defense Time % Phy DF OF
1 Ryan Mcdonagh Alexander Edler 60 1 3 1
2 John Moore Justin Faulk 40 1 3 1
Penalty Kill - 3 Players Forward
Forward Time % Phy DF OF
1 Jaden Schwartz 60 1 2 2
2 Mark Pysyk 40 1 2 2
Penalty Kill - 3 Players Defense
Defense Defense Time % Phy DF OF
1 Ryan Mcdonagh Alexander Edler 60 1 3 1
2 John Moore Justin Faulk 40 1 3 1
4 vs 4 Forward
Center Wing Time % Phy DF OF
1 Mikael Granlund Alexander Ovechkin 60 1 2 2
2 Jaden Schwartz Andy Miele 40 1 2 2
4 vs 4 Defense
Defense Defense Time % Phy DF OF
1 Ryan Mcdonagh Alexander Edler 60 1 2 2
2 John Moore Justin Faulk 40 1 2 2
Last Minutes Offensive
Center Left Wing Right Wing Defense Defense
Andy Miele Alexander Ovechkin Mikael Granlund Ryan Mcdonagh Alexander Edler
Last Minutes Defensive
Center Left Wing Right Wing Defense Defense
Andy Miele Alexander Ovechkin Mikael Granlund Ryan Mcdonagh Alexander Edler
Goaltenders
Starting : Kari Lehtonen
Backup : Michal Neuvirth
Extra Forwards
Normal : Matt Stajan, Mark Pysyk, Justin Abdelkader - PP : Matt Stajan, Mark Pysyk - PK : Justin Abdelkader
Extra Defensemen
Normal : Nate Schmidt, Josh Morrissey, John Moore - PP : Nate Schmidt - PK : Josh Morrissey, John Moore
Penalty Shots
Mikael Granlund, Alexander Ovechkin, Jaden Schwartz, Andy Miele, Reilly Smith
Scratches
Connor Murphy (Healthy)
% Time on Ice - Sharks
Lines # - Real PCT - Wanted PCT - Time Play
Normal Forward
1 - 33% - 40% - 15:56
2 - 26% - 30% - 12:22
3 - 26% - 20% - 12:21
4 - 16% - 10% - 7:38
Normal Defense
1 - 38% - 40% - 18:26
2 - 34% - 30% - 16:29
3 - 23% - 20% - 11:19
4 - 4% - 10% - 2:03
PP Forward
1 - 61% - 60% - 4:15
2 - 39% - 40% - 2:43
PP Defense
1 - 60% - 60% - 4:12
2 - 40% - 40% - 2:46
PK Forward
1 - 87% - 60% - 2:41
2 - 13% - 40% - 0:25
PK Defense
1 - 56% - 60% - 1:44
2 - 44% - 40% - 1:22
PK3 Forward
1 - 0% - 60%
2 - 0% - 40%
PK3 Defense
1 - 0% - 60%
2 - 0% - 40%
44 Forward
1 - 100% - 60% - 1:12
2 - 0% - 40% - 0:00
44 Defense
1 - 58% - 60% - 0:42
2 - 42% - 40% - 0:30
Last Minute Offensive - 0:00
Last Minute Defensive - 0:27
Total
Forward - 60:00
Defense - 60:00
|
% Time on Ice - Predators
Lines # - Real PCT - Wanted PCT - Time Play
Normal Forward
1 - 37% - 40% - 17:51
2 - 25% - 30% - 12:03
3 - 18% - 20% - 8:55
4 - 20% - 10% - 9:28
Normal Defense
1 - 40% - 40% - 19:24
2 - 31% - 30% - 15:10
3 - 24% - 20% - 11:44
4 - 4% - 10% - 1:59
PP Forward
1 - 34% - 60% - 1:04
2 - 66% - 40% - 2:02
PP Defense
1 - 62% - 60% - 1:55
2 - 38% - 40% - 1:11
PK Forward
1 - 65% - 60% - 4:31
2 - 35% - 40% - 2:27
PK Defense
1 - 62% - 60% - 4:18
2 - 38% - 40% - 2:40
PK3 Forward
1 - 0% - 60%
2 - 0% - 40%
PK3 Defense
1 - 0% - 60%
2 - 0% - 40%
44 Forward
1 - 72% - 60% - 0:52
2 - 28% - 40% - 0:20
44 Defense
1 - 71% - 60% - 0:51
2 - 29% - 40% - 0:21
Last Minute Offensive - 0:27
Last Minute Defensive - 0:00
Total
Forward - 60:00
Defense - 60:00
|
Play-by-Play
1st period
0:01 of 1st period - Alexander Ovechkin wins face-off versus Brandon Dubinsky in neutral zone.
1:25 of 1st period - Justin Faulk is hit by Andreas Martinsen and loses puck.
1:48 of 1st period - Snap shot by Daniel Carcillo.
1:48 of 1st period - Deflect By Nate Schmidt.
1:48 of 1st period - Shot Misses the Net.
1:48 of 1st period - Puck is out of play.
1:49 of 1st period - Jack Eichel wins face-off versus Boone Jenner in Predators zone.
1:49 of 1st period - Jack Eichel is hit by Boone Jenner.
3:09 of 1st period - Snap shot by Brendan Gaunce.
3:09 of 1st period - Stopped by Kari Lehtonen with a rebound.
3:11 of 1st period - Slapshot by Tyler Cuma.
3:11 of 1st period - Deflect By Andreas Martinsen.
3:11 of 1st period - Stopped by Kari Lehtonen without a rebound.
3:12 of 1st period - Joe Pavelski wins face-off versus Mikael Granlund in Predators zone.
3:15 of 1st period - Wrist shot by Brandon Dubinsky.
3:15 of 1st period - Shot Blocked by Alexander Edler.
3:57 of 1st period - Snap shot by Conor Sheary.
3:57 of 1st period - Stopped by Kari Lehtonen with a rebound.
5:13 of 1st period - Snap shot by Oscar Sundqvist.
5:13 of 1st period - Shot Blocked by John Moore.
5:15 of 1st period - Slapshot by Drew Doughty.
5:15 of 1st period - Deflect By Conor Sheary.
5:15 of 1st period - Shot Blocked by Jaden Schwartz.
5:15 of 1st period - Puck is out of play.
5:16 of 1st period - Andy Miele wins face-off versus Oscar Sundqvist in Predators zone.
5:59 of 1st period - Minor Penalty to Matt Stajan for Hooking.
6:00 of 1st period - Andy Miele wins face-off versus Brandon Dubinsky in Predators zone.
7:12 of 1st period - Ryan Mcdonagh is hit by Joe Pavelski.
7:29 of 1st period - Drew Doughty is hit by Justin Abdelkader and loses puck.
7:38 of 1st period - Snap shot by Alexander Ovechkin.
7:38 of 1st period - Stopped by Philipp Grubauer without a rebound.
7:39 of 1st period - Brandon Dubinsky wins face-off versus Andy Miele in Sharks zone.
7:59 of 1st period - Penalty to Matt Stajan is over, Matt Stajan is back on ice.
8:12 of 1st period - Wrist shot by Reilly Smith.
8:12 of 1st period - Shot Misses the Net.
8:36 of 1st period - Nate Schmidt is hit by Karl Alzner and loses puck.
8:56 of 1st period - Icing by Nate Schmidt.
8:57 of 1st period - Boone Jenner wins face-off versus Matt Stajan in Predators zone.
9:04 of 1st period - Slapshot by Ronalds Kenins.
9:04 of 1st period - Shot Misses the Net.
9:06 of 1st period - Wrist shot by Wayne Simmonds.
9:06 of 1st period - Stopped by Kari Lehtonen without a rebound.
9:07 of 1st period - Andy Miele wins face-off versus Brandon Dubinsky in Predators zone.
9:34 of 1st period - Mike Lundin is hit by Jaden Schwartz and loses puck.
10:07 of 1st period - Slapshot by Brendan Gaunce.
10:07 of 1st period - Deflect By Gustav Nyquist.
10:07 of 1st period - Stopped by Kari Lehtonen without a rebound.
10:08 of 1st period - Brandon Dubinsky wins face-off versus Andy Miele in Predators zone.
10:11 of 1st period - Wrist shot by Joe Pavelski.
10:11 of 1st period - Shot Misses the Net.
10:38 of 1st period - Snap shot by Ronalds Kenins.
10:38 of 1st period - Stopped by Kari Lehtonen with a rebound.
10:40 of 1st period - Slapshot by Wayne Simmonds.
10:40 of 1st period - Stopped by Kari Lehtonen with a rebound.
10:42 of 1st period - Slapshot by Ronalds Kenins.
10:42 of 1st period - Shot Misses the Net.
11:22 of 1st period - Icing by Brandon Dubinsky.
11:23 of 1st period - Brandon Dubinsky wins face-off versus Scott Laughton in Sharks zone.
11:38 of 1st period - Snap shot by Daniel Carcillo.
11:38 of 1st period - Shot Misses the Net.
11:40 of 1st period - Slapshot by Joe Pavelski.
11:40 of 1st period - Deflect By Daniel Carcillo.
11:40 of 1st period - Stopped by Kari Lehtonen with a rebound.
11:42 of 1st period - Backhand shot by Joe Pavelski.
11:42 of 1st period - Shot Misses the Net.
12:51 of 1st period - Off-side.
12:52 of 1st period - Andy Miele wins face-off versus Wayne Simmonds in neutral zone.
12:59 of 1st period - Slapshot by Andy Miele.
12:59 of 1st period - Stopped by Philipp Grubauer without a rebound.
13:00 of 1st period - Andy Miele wins face-off versus Boone Jenner in Sharks zone.
13:27 of 1st period - Ryan Mcdonagh is hit by Oscar Sundqvist and loses puck.
13:50 of 1st period - Snap shot by Gustav Nyquist.
13:50 of 1st period - Stopped by Kari Lehtonen without a rebound.
13:51 of 1st period - Jack Eichel wins face-off versus Boone Jenner in Predators zone.
14:18 of 1st period - Dion Phaneuf is hit by Justin Abdelkader.
15:20 of 1st period - Wrist shot by Jaden Schwartz.
15:20 of 1st period - Stopped by Philipp Grubauer with a rebound.
15:22 of 1st period - Slapshot by Ryan Mcdonagh.
15:22 of 1st period - Stopped by Philipp Grubauer without a rebound.
15:23 of 1st period - Boone Jenner wins face-off versus Jack Eichel in Sharks zone.
15:23 of 1st period - Boone Jenner is hit by Reilly Smith.
15:33 of 1st period - Wrist shot by Wayne Simmonds.
15:33 of 1st period - Stopped by Kari Lehtonen with a rebound.
15:35 of 1st period - Snap shot by Boone Jenner.
15:35 of 1st period - Shot Misses the Net.
15:37 of 1st period - Snap shot by Boone Jenner.
15:37 of 1st period - Stopped by Kari Lehtonen with a rebound.
15:39 of 1st period - Snap shot by Tyler Cuma.
15:39 of 1st period - Stopped by Kari Lehtonen with a rebound.
15:51 of 1st period - Snap shot by Brandon Dubinsky.
15:51 of 1st period - Stopped by Kari Lehtonen with a rebound.
15:53 of 1st period - Slapshot by Dion Phaneuf.
15:53 of 1st period - Deflect By Joe Pavelski.
15:53 of 1st period - Stopped by Kari Lehtonen without a rebound.
15:54 of 1st period - Andy Miele wins face-off versus Brandon Dubinsky in Predators zone.
16:28 of 1st period - Wrist shot by Jaden Schwartz.
16:28 of 1st period - Stopped by Philipp Grubauer with a rebound.
16:30 of 1st period - Snap shot by Jack Eichel.
16:30 of 1st period - Stopped by Philipp Grubauer with a rebound.
16:32 of 1st period - Slapshot by John Moore.
16:32 of 1st period - Stopped by Philipp Grubauer without a rebound.
16:33 of 1st period - Andy Miele wins face-off versus Joe Pavelski in Sharks zone.
16:36 of 1st period - Snap shot by Mikael Granlund.
16:36 of 1st period - Deflect By Andy Miele.
16:36 of 1st period - Stopped by Philipp Grubauer with a rebound.
17:24 of 1st period - Ryan Mcdonagh is hit by Oscar Sundqvist.
17:28 of 1st period - Wrist shot by Alexander Edler.
17:28 of 1st period - Shot Misses the Net.
17:59 of 1st period - Icing by Tyler Cuma.
18:00 of 1st period - Mikael Granlund wins face-off versus Brandon Dubinsky in Sharks zone.
18:57 of 1st period - Snap shot by Matt Stajan.
18:57 of 1st period - Stopped by Philipp Grubauer with a rebound.
18:59 of 1st period - Slapshot by Josh Morrissey.
18:59 of 1st period - Deflect By Matt Stajan.
18:59 of 1st period - Stopped by Philipp Grubauer without a rebound.
19:00 of 1st period - Joe Pavelski wins face-off versus Andy Miele in Sharks zone.
19:00 of 1st period - Joe Pavelski is hit by Alexander Ovechkin.
19:10 of 1st period - Alexander Ovechkin is hit by Brandon Dubinsky and loses puck.
Goals for this period are 0 for Sharks vs 0 for Predators.
Shots for this period are 14 for Sharks vs 10 for Predators.
2nd period
0:01 of 2nd period - Brandon Dubinsky wins face-off versus Andy Miele in neutral zone.
0:10 of 2nd period - Slapshot by Ryan Mcdonagh.
0:10 of 2nd period - Deflect By Mikael Granlund.
0:10 of 2nd period - Stopped by Philipp Grubauer without a rebound.
0:11 of 2nd period - Andy Miele wins face-off versus Brandon Dubinsky in Sharks zone.
0:14 of 2nd period - Wrist shot by Mikael Granlund.
0:14 of 2nd period - Shot Hit the Post.
0:22 of 2nd period - Slapshot by Drew Doughty.
0:22 of 2nd period - Stopped by Kari Lehtonen without a rebound.
0:23 of 2nd period - Daniel Carcillo wins face-off versus Mikael Granlund in Predators zone.
0:24 of 2nd period - Wrist shot by Brandon Dubinsky.
0:24 of 2nd period - Stopped by Kari Lehtonen with a rebound.
1:35 of 2nd period - Slapshot by Andreas Martinsen.
1:35 of 2nd period - Stopped by Kari Lehtonen with a rebound.
1:37 of 2nd period - Snap shot by Mike Lundin.
1:37 of 2nd period - Shot Blocked by Nate Schmidt.
1:39 of 2nd period - Slapshot by Mike Lundin.
1:39 of 2nd period - Shot Blocked by Nate Schmidt.
1:41 of 2nd period - Slapshot by Mike Lundin.
1:41 of 2nd period - Stopped by Kari Lehtonen with a rebound.
2:03 of 2nd period - Slapshot by Nicolas Kerdiles.
2:03 of 2nd period - Stopped by Philipp Grubauer without a rebound.
2:04 of 2nd period - Mikael Granlund wins face-off versus Boone Jenner in Sharks zone.
2:05 of 2nd period - Wrist shot by Andy Miele.
2:05 of 2nd period - Shot Misses the Net.
2:07 of 2nd period - Slapshot by Ryan Mcdonagh.
2:07 of 2nd period - Shot Misses the Net.
2:09 of 2nd period - Slapshot by Alexander Ovechkin.
2:09 of 2nd period - Shot Misses the Net.
2:13 of 2nd period - Wrist shot by Andy Miele.
2:13 of 2nd period - Shot Hit the Post.
2:15 of 2nd period - Snap shot by Andy Miele.
2:15 of 2nd period - Shot Misses the Net.
2:17 of 2nd period - Wrist shot by Andy Miele.
2:17 of 2nd period - Stopped by Philipp Grubauer without a rebound.
2:18 of 2nd period - Mikael Granlund wins face-off versus Brandon Dubinsky in Sharks zone.
2:35 of 2nd period - Wrist shot by Alexander Ovechkin.
2:35 of 2nd period - Shot Misses the Net.
2:49 of 2nd period - Wrist shot by Ronalds Kenins.
2:49 of 2nd period - Shot Misses the Net.
3:15 of 2nd period - Snap shot by Mark Pysyk.
3:15 of 2nd period - Goal by Mark Pysyk - Sharks : 0 - Predators : 1.
3:16 of 2nd period - Brandon Dubinsky wins face-off versus Andy Miele in neutral zone.
3:31 of 2nd period - Wrist shot by Alexander Ovechkin.
3:31 of 2nd period - Stopped by Philipp Grubauer without a rebound.
3:32 of 2nd period - Jack Eichel wins face-off versus Boone Jenner in Sharks zone.
3:46 of 2nd period - Off-side.
3:47 of 2nd period - Andy Miele wins face-off versus Brandon Dubinsky in neutral zone.
3:58 of 2nd period - Alexander Ovechkin is hit by Brandon Dubinsky and loses puck.
4:40 of 2nd period - Ronalds Kenins is hit by Jaden Schwartz and loses puck.
5:44 of 2nd period - Conor Sheary is hit by Jack Eichel and loses puck.
6:16 of 2nd period - Off-side.
6:17 of 2nd period - Andy Miele wins face-off versus Brandon Dubinsky in neutral zone.
6:42 of 2nd period - Jack Eichel is hit by Conor Sheary and loses puck.
7:48 of 2nd period - Dion Phaneuf is hit by Scott Laughton and loses puck.
8:40 of 2nd period - Mark Pysyk is hit by Daniel Carcillo.
8:44 of 2nd period - Tyler Cuma is hit by Matt Stajan and loses puck.
8:52 of 2nd period - Minor Penalty to Matt Stajan for Delaying the game.
8:53 of 2nd period - Boone Jenner wins face-off versus Mark Pysyk in Predators zone.
8:55 of 2nd period - Backhand shot by Drew Doughty.
8:55 of 2nd period - Shot Blocked by Andy Miele.
10:52 of 2nd period - Penalty to Matt Stajan is over, Matt Stajan is back on ice.
10:58 of 2nd period - Ryan Mcdonagh is hit by Brendan Gaunce.
12:50 of 2nd period - Minor Penalty to Mike Brown for Holding.
12:51 of 2nd period - Andy Miele wins face-off versus Brandon Dubinsky in Predators zone.
13:00 of 2nd period - Snap shot by Brandon Dubinsky.
13:00 of 2nd period - Deflect By Joe Pavelski.
13:00 of 2nd period - Shot Misses the Net.
13:00 of 2nd period - Puck is out of play.
13:01 of 2nd period - Brandon Dubinsky wins face-off versus Andy Miele in Predators zone.
13:02 of 2nd period - Snap shot by Joe Pavelski.
13:02 of 2nd period - Shot Misses the Net.
13:04 of 2nd period - Slapshot by Dion Phaneuf.
13:04 of 2nd period - Deflect By Daniel Carcillo.
13:04 of 2nd period - Goal by Daniel Carcillo - Sharks : 1 - Predators : 1.
13:05 of 2nd period - Andy Miele wins face-off versus Joe Pavelski in neutral zone.
13:07 of 2nd period - Minor Penalty to Alexander Ovechkin for Hooking.
13:08 of 2nd period - Brandon Dubinsky wins face-off versus Andy Miele in Predators zone.
13:42 of 2nd period - Snap shot by Daniel Carcillo.
13:42 of 2nd period - Shot Misses the Net.
13:46 of 2nd period - Slapshot by Daniel Carcillo.
13:46 of 2nd period - Shot Blocked by Alexander Edler.
13:48 of 2nd period - Snap shot by Mike Lundin.
13:48 of 2nd period - Stopped by Kari Lehtonen with a rebound.
13:50 of 2nd period - Wrist shot by Joe Pavelski.
13:50 of 2nd period - Stopped by Kari Lehtonen with a rebound.
13:52 of 2nd period - Snap shot by Joe Pavelski.
13:52 of 2nd period - Shot Misses the Net.
13:54 of 2nd period - Slapshot by Joe Pavelski.
13:54 of 2nd period - Shot Hit the Post.
13:56 of 2nd period - Snap shot by Mike Lundin.
13:56 of 2nd period - Shot Misses the Net.
13:58 of 2nd period - Slapshot by Drew Doughty.
13:58 of 2nd period - Shot Misses the Net.
14:48 of 2nd period - Slapshot by Brandon Dubinsky.
14:48 of 2nd period - Stopped by Kari Lehtonen with a rebound.
14:50 of 2nd period - Snap shot by Joe Pavelski.
14:50 of 2nd period - Stopped by Kari Lehtonen without a rebound.
14:51 of 2nd period - Boone Jenner wins face-off versus Andy Miele in Predators zone.
15:07 of 2nd period - Penalty to Alexander Ovechkin is over, Alexander Ovechkin is back on ice.
15:13 of 2nd period - Andy Miele is hit by Boone Jenner and loses puck.
15:24 of 2nd period - Wrist shot by Zach Parise.
15:24 of 2nd period - Deflect By Justin Faulk.
15:24 of 2nd period - Stopped by Kari Lehtonen with a rebound.
15:48 of 2nd period - Slapshot by Markus Nutivaara.
15:48 of 2nd period - Shot Blocked by John Moore.
16:54 of 2nd period - Icing by Ryan Mcdonagh.
16:55 of 2nd period - Boone Jenner wins face-off versus Jack Eichel in Predators zone.
17:25 of 2nd period - Snap shot by Nicolas Kerdiles.
17:25 of 2nd period - Deflect By Scott Laughton.
17:25 of 2nd period - Shot Misses the Net.
17:25 of 2nd period - Puck is out of play.
17:26 of 2nd period - Scott Laughton wins face-off versus Brandon Dubinsky in Sharks zone.
17:56 of 2nd period - Wrist shot by Mikael Granlund.
17:56 of 2nd period - Shot Blocked by Dion Phaneuf.
18:20 of 2nd period - Slapshot by Matt Stajan.
18:20 of 2nd period - Stopped by Philipp Grubauer with a rebound.
18:22 of 2nd period - Snap shot by Matt Stajan.
18:22 of 2nd period - Shot Blocked by Tyler Cuma.
18:24 of 2nd period - Wrist shot by Matt Stajan.
18:24 of 2nd period - Shot Misses the Net.
18:26 of 2nd period - Slapshot by Justin Faulk.
18:26 of 2nd period - Shot Misses the Net.
19:29 of 2nd period - Off-side.
19:30 of 2nd period - Jack Eichel wins face-off versus Joe Pavelski in neutral zone.
19:33 of 2nd period - Wrist shot by Jaden Schwartz.
19:33 of 2nd period - Stopped by Philipp Grubauer without a rebound.
19:34 of 2nd period - Brandon Dubinsky wins face-off versus Jack Eichel in Sharks zone.
19:44 of 2nd period - Icing by Reilly Smith.
19:45 of 2nd period - Jack Eichel wins face-off versus Joe Pavelski in Predators zone.
19:53 of 2nd period - Off-side.
19:54 of 2nd period - Andy Miele wins face-off versus Brandon Dubinsky in neutral zone.
19:57 of 2nd period - Slapshot by Alexander Edler.
19:57 of 2nd period - Deflect By Mike Lundin.
19:57 of 2nd period - Stopped by Philipp Grubauer with a rebound.
Goals for this period are 1 for Sharks vs 1 for Predators.
Shots for this period are 10 for Sharks vs 8 for Predators.
3rd period
0:01 of 3rd period - Brandon Dubinsky wins face-off versus Andy Miele in neutral zone.
0:04 of 3rd period - Ryan Mcdonagh is hit by Mike Lundin and loses puck.
0:09 of 3rd period - Snap shot by Brandon Dubinsky.
0:09 of 3rd period - Deflect By Daniel Carcillo.
0:09 of 3rd period - Shot Blocked by Ryan Mcdonagh.
0:09 of 3rd period - Puck is out of play.
0:10 of 3rd period - Joe Pavelski wins face-off versus Andy Miele in Predators zone.
0:15 of 3rd period - Wrist shot by Daniel Carcillo.
0:15 of 3rd period - Stopped by Kari Lehtonen without a rebound.
0:16 of 3rd period - Andy Miele wins face-off versus Brandon Dubinsky in Predators zone.
0:26 of 3rd period - Icing by Drew Doughty.
0:27 of 3rd period - Brandon Dubinsky wins face-off versus Alexander Ovechkin in Sharks zone.
0:46 of 3rd period - Wrist shot by Brandon Dubinsky.
0:46 of 3rd period - Stopped by Kari Lehtonen without a rebound.
0:47 of 3rd period - Boone Jenner wins face-off versus Jack Eichel in Predators zone.
1:58 of 3rd period - Josh Morrissey is hit by Brendan Gaunce.
2:03 of 3rd period - Off-side.
2:04 of 3rd period - Brandon Dubinsky wins face-off versus Andy Miele in neutral zone.
2:11 of 3rd period - Alexander Ovechkin is hit by Brandon Dubinsky and loses puck.
2:48 of 3rd period - Minor Penalty to Markus Nutivaara for Slashing.
2:49 of 3rd period - Brandon Dubinsky wins face-off versus Andy Miele in Sharks zone.
2:49 of 3rd period - Brandon Dubinsky is hit by Alexander Edler.
3:15 of 3rd period - Brandon Dubinsky is hit by Reilly Smith and loses puck.
3:35 of 3rd period - Minor Penalty to Justin Faulk for Hooking.
3:36 of 3rd period - Mikael Granlund wins face-off versus Brandon Dubinsky in Predators zone.
3:59 of 3rd period - Icing by Brandon Dubinsky.
4:00 of 3rd period - Mikael Granlund wins face-off versus Brandon Dubinsky in Sharks zone.
4:06 of 3rd period - Backhand shot by Mikael Granlund.
4:06 of 3rd period - Stopped by Philipp Grubauer with a rebound.
4:30 of 3rd period - Tyler Cuma is hit by Jaden Schwartz and loses puck.
4:48 of 3rd period - Penalty to Markus Nutivaara is over, Markus Nutivaara is back on ice.
5:13 of 3rd period - Snap shot by Brandon Dubinsky.
5:13 of 3rd period - Deflect By Andreas Martinsen.
5:13 of 3rd period - Stopped by Kari Lehtonen with a rebound.
5:35 of 3rd period - Penalty to Justin Faulk is over, Justin Faulk is back on ice.
5:41 of 3rd period - Jaden Schwartz is hit by Drew Doughty and loses puck.
6:12 of 3rd period - Snap shot by Brendan Gaunce.
6:12 of 3rd period - Shot Blocked by Alexander Edler.
7:03 of 3rd period - Alexander Ovechkin is hit by Oscar Sundqvist and loses puck.
7:18 of 3rd period - Wrist shot by Andy Miele.
7:18 of 3rd period - Stopped by Philipp Grubauer with a rebound.
7:26 of 3rd period - Tyler Cuma is hit by Mike Brown and loses puck.
8:39 of 3rd period - Wrist shot by Nicolas Kerdiles.
8:39 of 3rd period - Stopped by Philipp Grubauer with a rebound.
8:41 of 3rd period - Wrist shot by Scott Laughton.
8:41 of 3rd period - Shot Misses the Net.
8:43 of 3rd period - Wrist shot by Alexander Edler.
8:43 of 3rd period - Deflect By Nicolas Kerdiles.
8:43 of 3rd period - Stopped by Philipp Grubauer without a rebound.
8:44 of 3rd period - Brandon Dubinsky wins face-off versus Andy Miele in Sharks zone.
8:55 of 3rd period - Snap shot by Brandon Dubinsky.
8:55 of 3rd period - Deflect By Daniel Carcillo.
8:55 of 3rd period - Shot Misses the Net.
8:55 of 3rd period - Puck is out of play.
8:56 of 3rd period - Brandon Dubinsky wins face-off versus Andy Miele in Predators zone.
8:57 of 3rd period - Snap shot by Joe Pavelski.
8:57 of 3rd period - Stopped by Kari Lehtonen without a rebound.
8:58 of 3rd period - Brandon Dubinsky wins face-off versus Andy Miele in Predators zone.
9:45 of 3rd period - Mikael Granlund is hit by Oscar Sundqvist and loses puck.
10:06 of 3rd period - Backhand shot by Andy Miele.
10:06 of 3rd period - Stopped by Philipp Grubauer with a rebound.
10:08 of 3rd period - Snap shot by Alexander Ovechkin.
10:08 of 3rd period - Stopped by Philipp Grubauer with a rebound.
10:45 of 3rd period - Minor Penalty to Markus Nutivaara for Cross-checking.
10:46 of 3rd period - Jack Eichel wins face-off versus Brandon Dubinsky in Sharks zone.
12:45 of 3rd period - Penalty to Markus Nutivaara is over, Markus Nutivaara is back on ice.
13:07 of 3rd period - Snap shot by Scott Laughton.
13:07 of 3rd period - Shot Misses the Net.
13:19 of 3rd period - Snap shot by Markus Nutivaara.
13:19 of 3rd period - Stopped by Kari Lehtonen without a rebound.
13:20 of 3rd period - Boone Jenner wins face-off versus Scott Laughton in Predators zone.
13:48 of 3rd period - Wrist shot by Joe Pavelski.
13:48 of 3rd period - Shot Blocked by Ryan Mcdonagh.
14:24 of 3rd period - Snap shot by Andreas Martinsen.
14:24 of 3rd period - Shot Misses the Net.
14:26 of 3rd period - Slapshot by Drew Doughty.
14:26 of 3rd period - Stopped by Kari Lehtonen with a rebound.
14:28 of 3rd period - Snap shot by Mike Lundin.
14:28 of 3rd period - Stopped by Kari Lehtonen without a rebound.
14:29 of 3rd period - Brandon Dubinsky wins face-off versus Jack Eichel in Predators zone.
14:30 of 3rd period - Snap shot by Daniel Carcillo.
14:30 of 3rd period - Shot Misses the Net.
14:42 of 3rd period - Slapshot by Justin Faulk.
14:42 of 3rd period - Shot Blocked by Tyler Cuma.
14:44 of 3rd period - Slapshot by John Moore.
14:44 of 3rd period - Stopped by Philipp Grubauer without a rebound.
14:45 of 3rd period - Boone Jenner wins face-off versus Andy Miele in Sharks zone.
15:00 of 3rd period - Wrist shot by Ronalds Kenins.
15:00 of 3rd period - Goal by Ronalds Kenins - Sharks : 2 - Predators : 1.
15:01 of 3rd period - Matt Stajan wins face-off versus Brandon Dubinsky in neutral zone.
15:28 of 3rd period - Snap shot by Andy Miele.
15:28 of 3rd period - Shot Misses the Net.
15:30 of 3rd period - Snap shot by Andy Miele.
15:30 of 3rd period - Stopped by Philipp Grubauer without a rebound.
15:31 of 3rd period - Oscar Sundqvist wins face-off versus Matt Stajan in Sharks zone.
15:31 of 3rd period - Oscar Sundqvist is hit by Mark Pysyk.
15:38 of 3rd period - Off-side.
15:39 of 3rd period - Brandon Dubinsky wins face-off versus Matt Stajan in neutral zone.
15:48 of 3rd period - Wrist shot by Joe Pavelski.
15:48 of 3rd period - Shot Misses the Net.
15:50 of 3rd period - Slapshot by Tyler Cuma.
15:50 of 3rd period - Shot Blocked by Alexander Edler.
15:52 of 3rd period - Slapshot by Tyler Cuma.
15:52 of 3rd period - Shot Misses the Net.
15:54 of 3rd period - Wrist shot by Brandon Dubinsky.
15:54 of 3rd period - Shot Blocked by Alexander Edler.
16:12 of 3rd period - Snap shot by Conor Sheary.
16:12 of 3rd period - Stopped by Kari Lehtonen without a rebound.
16:13 of 3rd period - Brandon Dubinsky wins face-off versus Matt Stajan in Predators zone.
16:28 of 3rd period - Wrist shot by Matt Stajan.
16:28 of 3rd period - Shot Blocked by Mike Lundin.
16:44 of 3rd period - Off-side.
16:45 of 3rd period - Matt Stajan wins face-off versus Oscar Sundqvist in neutral zone.
17:00 of 3rd period - Slapshot by Conor Sheary.
17:00 of 3rd period - Stopped by Kari Lehtonen without a rebound.
17:01 of 3rd period - Andy Miele wins face-off versus Brandon Dubinsky in Predators zone.
17:23 of 3rd period - Icing by Ryan Mcdonagh.
17:24 of 3rd period - Oscar Sundqvist wins face-off versus Matt Stajan in Predators zone.
18:02 of 3rd period - Slapshot by Andy Miele.
18:02 of 3rd period - Shot Misses the Net.
18:11 of 3rd period - Tyler Cuma is hit by Nate Schmidt.
18:13 of 3rd period - Snap shot by Wayne Simmonds.
18:13 of 3rd period - Stopped by Kari Lehtonen without a rebound.
18:14 of 3rd period - Boone Jenner wins face-off versus Jack Eichel in Predators zone.
18:46 of 3rd period - Predators, Kari Lehtonen is pulled from the net.
19:10 of 3rd period - Snap shot by Reilly Smith.
19:10 of 3rd period - Stopped by Philipp Grubauer with a rebound.
19:12 of 3rd period - Snap shot by Jack Eichel.
19:12 of 3rd period - Deflect By Jaden Schwartz.
19:12 of 3rd period - Shot Blocked by Drew Doughty.
19:12 of 3rd period - Puck is out of play.
19:13 of 3rd period - Ted Nolan call a timeout for Predators.
19:13 of 3rd period - Andy Miele wins face-off versus Brandon Dubinsky in Sharks zone.
19:23 of 3rd period - Wrist shot by Mikael Granlund.
19:23 of 3rd period - Shot Hit the Post.
19:25 of 3rd period - Wrist shot by Mikael Granlund.
19:25 of 3rd period - Shot Misses the Net.
19:29 of 3rd period - Slapshot by Alexander Edler.
19:29 of 3rd period - Shot Blocked by Daniel Carcillo.
19:31 of 3rd period - Snap shot by Andy Miele.
19:31 of 3rd period - Stopped by Philipp Grubauer with a rebound.
19:33 of 3rd period - Snap shot by Andy Miele.
19:33 of 3rd period - Shot Blocked by Mike Lundin.
19:35 of 3rd period - Wrist shot by Andy Miele.
19:35 of 3rd period - Shot Blocked by Drew Doughty.
19:37 of 3rd period - Wrist shot by Ryan Mcdonagh.
19:37 of 3rd period - Deflect By Mikael Granlund.
19:37 of 3rd period - Stopped by Philipp Grubauer with a rebound.
19:39 of 3rd period - Snap shot by Alexander Ovechkin.
19:39 of 3rd period - Stopped by Philipp Grubauer without a rebound.
19:39 of 3rd period - Minor Penalty to Philipp Grubauer for Slashing.
19:40 of 3rd period - Brandon Dubinsky wins face-off versus Andy Miele in Sharks zone.
Goals for this period are 1 for Sharks vs 0 for Predators.
Shots for this period are 11 for Sharks vs 12 for Predators.